 Dungeon Crawl Stone Soup version 0.25.0-10-g039870ee82 (webtiles) character file.

Game seed: 14138300365728548764

37493 grindst0ne the Cleaver (level 13, -1/117 HPs)
             Began as a Deep Dwarf Artificer on June 22, 2020.
             Was a Priest of Makhleb.
             Slain by a hornet (8 damage)
             ... while paralysed by a hornet
             ... on level 6 of the Lair of Beasts.
             The game lasted 01:06:21 (14708 turns).

grindst0ne the Cleaver (Deep Dwarf Artificer)      Turns: 14708, Time: 01:06:22

Health: -1/117     AC:  9    Str: 21    XL:     13   Next: 58%
Magic:  15/15      EV:  2    Int: 20    God:    Makhleb [***...]
Gold:   1098       SH:  0    Dex: 13    Spells: 8/12 levels left

rFire    . . .     SeeInvis .   A - +2 war axe (elec)
rCold    . . .     Gourm    .   c - +0 kite shield
rNeg     . . .     Faith    .   Q - +2 leather armour "Qiufel" {rPois Regen+ Int+2}
rPois    +         Spirit   .   U - +0 helmet
rElec    .         Reflect  .   (no cloak)
rCorr    .         Harm     .   N - +0 pair of gloves
MR       +....                  (no boots)
Stlth    +.........             O - amulet of magic regeneration
HPRegen  0.00/turn              n - ring of wizardry
MPRegen  0.39/turn              j - +6 ring of strength

@: paralysed, non-regenerating
A: damage resistance, heal wounds, sense surroundings 2, no regeneration
a: Heal Wounds, Minor Destruction, Lesser Servant of Makhleb, Renounce Religion


You were on level 6 of the Lair of Beasts.
You worshipped Makhleb.
Makhleb was most pleased with you.
You were not hungry.

You visited 3 branches of the dungeon, and saw 18 of its levels.
You also visited: Ossuary.

You collected 1098 gold pieces.

Inventory:

Hand Weapons
 A - a +2 war axe of electrocution (weapon)
 H - a +1 whip of flaming
Missiles
 s - 10 javelins
 t - 9 boomerangs (quivered)
 w - 57 poisoned darts
 Y - 6 curare-tipped darts
Armour
 c - a +0 kite shield (worn)
 r - a +0 chain mail
 y - +0 acid dragon scales
 J - a +0 hat of intelligence
 N - a +0 pair of gloves (worn)
 Q - the +2 leather armour "Qiufel" (worn) {rPois Regen+ Int+2}
   (You found it on level 8 of the Dungeon)

   It affects your intelligence (+2).
   It protects you from poison.
   It increases your rate of regeneration.
 U - a +0 helmet (worn)
Jewellery
 e - an uncursed ring of poison resistance
 j - a +6 ring of strength (right hand)
 n - a ring of wizardry (left hand)
 M - an uncursed ring of protection from cold
 O - an amulet of magic regeneration (around neck)
 T - an uncursed ring of magical power
Wands
 d - a wand of enslavement (6)
 p - a wand of digging (4)
Scrolls
 b - a scroll of vulnerability
 g - 3 scrolls of teleportation
 h - a scroll of enchant weapon
 i - 2 scrolls of amnesia {unknown}
 l - 2 scrolls of fear
 m - 4 scrolls of enchant armour
 u - 2 scrolls of magic mapping {unknown}
 z - a scroll of torment {unknown}
 F - 3 scrolls of blinking
 K - a scroll of immolation {unknown}
 P - a scroll of acquirement {unknown}
 S - 4 scrolls of remove curse
 W - a scroll of silence
Potions
 a - a potion of ambrosia
 k - 2 potions of lignification
 o - 2 potions of berserk rage
 q - 5 potions of might
 v - 9 potions of curing
 x - 4 potions of flight
 B - 2 potions of magic
 C - 4 potions of heal wounds
 E - a potion of mutation {unknown}
 G - 4 potions of brilliance
 L - 3 potions of cancellation {unknown}
 R - 4 potions of stabbing {unknown}
 V - 2 potions of resistance
Comestibles
 f - 24 rations
 D - 12 chunks of flesh


   Skills:
 + Level 7.8 Fighting
   Level 0.8 Short Blades
 * Level 12.3 Axes
 * Level 9.1 Armour
 - Level 7.0 Dodging
 - Level 1.2 Stealth
 * Level 11.1 Shields
 + Level 4.5 Charms
 + Level 3.9 Translocations
 * Level 11.9 Invocations
 - Level 8.0 Evocations


You had 8 spell levels left.
You knew the following spells:

 Your Spells              Type           Power        Failure   Level  Hunger
a - Shroud of Golubria    Chrm/Tloc      ###...       4%          2    ###....
b - Song of Slaying       Chrm           ###.....     3%          2    ###....

Your spell library contained the following spells:

 Spells                   Type           Power        Failure   Level  Hunger
 Apportation              Tloc           ###...       2%          1    ##.....
 Infusion                 Chrm           ###.         2%          1    ##.....
 Animate Skeleton         Necr           N/A          14%         1    ##.....
 Corona                   Hex            #......      14%         1    ##.....
 Summon Small Mammal      Summ           #...         14%         1    ##.....
 Ozocubu's Armour         Chrm/Ice       #.......     16%         3    ####...
 Spectral Weapon          Hex/Chrm       #.......     16%         3    ####...
 Portal Projectile        Hex/Tloc       #.....       19%         3    ####...
 Call Imp                 Summ           #.......     21%         2    ###....
 Poisonous Vapours        Pois/Air       #.....       21%         2    ###....
 Slow                     Hex            #.......     21%         2    ###....
 Call Canine Familiar     Summ           #.......     38%         3    ####...
 Conjure Flame            Conj/Fire      #.......     38%         3    ####...
 Inner Flame              Hex/Fire       #.......     38%         3    ####...
 Mephitic Cloud           Conj/Pois/Air  #.......     38%         3    ####...
 Summon Guardian Golem    Hex/Summ       #.......     38%         3    ####...
 Cause Fear               Hex            #.........   77%         4    #####..
 Leda's Liquefaction      Hex/Erth       #.........   77%         4    #####..
 Summon Ice Beast         Ice/Summ       #.......     77%         4    #####..
 Summon Lightning Spire   Summ/Air       #.......     77%         4    #####..
 Freezing Cloud           Conj/Ice/Air   #.........   100%        6    #######
 Ring of Flames           Chrm/Fire      #.........   100%        7    #######


Dungeon Overview and Level Annotations

Branches:
Dungeon (11/15)            Temple (1/1) D:6            Lair (6/6) D:10
 Shoals (0/4) Lair:2       Spider (0/4) Lair:2        Slime (0/5) Lair:5
Ossuary (visited)
    Orc: D:9-12

Altars:
Ashenzari
Dithmenos
Hepliaklqana
Kikubaaqudgha
Makhleb
Nemelex Xobeh
Okawaru
Qazlal
Trog
Uskayaw
Wu Jian
Yredelemnul
Zin
The Shining One

Portals:
Abyss: Lair:1

Annotations:
D:6 Prince Ribbit
Lair:1 2 transporters, Dimoyzi's ghost, novice BaIE
Lair:6 1 runed translucent door


Innate Abilities, Weirdness & Mutations

You are resistant to damage.
You can heal yourself by infusing magical energy.
You passively map the area around you.
You do not regenerate.


Message History

Aim: a hornet Attack!
The hornet misses you.
Your smoke demon misses the hornet.
Your smoke demon barely misses the hornet.
Your smoke demon misses the hornet.
You hit the hornet.
The hornet is lightly wounded.
The hornet stings you!
* * * LOW HITPOINT WARNING * * *
You suddenly lose the ability to move!
The tyrant leech barely misses your smoke demon.
The hornet stings you!
* * * LOW HITPOINT WARNING * * *
Your smoke demon misses the hornet. x2
Your smoke demon completely misses the hornet.
The hornet stings you!
* * * LOW HITPOINT WARNING * * *
You shrug off the repeated paralysis!
The tyrant leech barely misses your smoke demon.
The hornet stings you!
You die...

≈≈#...####$
##.##..# * ,
≈≈##.## #$$,,
###...# **
≈≈.#..# #$$$
##..## **,
≈≈≈...# $.$
##..## ,
.#....#
*$D###...# *,
.....##
#+#8.3## * *
#...#.#
##...### #.
...####
#...##3# #...
** ####
###.@3##
*..w.. *
#..yw###.....#
, ###.......#*
* , #.##.P.###
##*#####


You could see an ice dragon, a tyrant leech, a hornet, a friendly smoke demon
(summoned) and a friendly ynoxinul (summoned).

Vanquished Creatures
  Gastronok (Lair:1)
  Harold (D:7)
  3 hydras
  A two-headed ogre (D:9)
  3 death yaks (Lair:6)
  Urug (Lair:6)
  An unseen horror (D:10)
  Pikel (D:7)
  An oklob plant (Lair:3)
  4 elephants (Lair:4)
  A torpor snail (Lair:6)
  6 black mambas
  Maggie (D:7)
  9 spiny frogs
  A rime drake (Lair:6)
  2 komodo dragons
  4 trolls
  Grinder (D:3)
  12 blink frogs
  4 hippogriffs
  14 dream sheep
  23 yaks
  A wyvern (Lair:4)
  3 wraiths
  A basilisk (Lair:2)
  2 fire bats (Lair:6)
  A hungry ghost (D:9)
  Menkaure (D:5)
  A soldier ant (D:10)
  9 water moccasins
  5 orc warriors
  4 porcupines
  An ice beast (D:10)
  A black bear (D:9)
  3 phantoms
  3 slaves (D:7)
  2 necrophages
  2 sky beasts (D:9)
  18 wolves
  2 centaurs (D:10)
  3 ogres
  10 crocodiles
  A big kobold (D:10)
  Blork the orc (D:5)
  13 bullfrogs
  A water moccasin skeleton (D:8)
  3 scorpions
  8 wights
  An electric eel (Lair:2)
  A jelly (D:10)
  4 crimson imps
  A quasit (D:9)
  3 bullfrog zombies
  A bullfrog skeleton (D:5)
  3 hounds
  4 orc wizards
  3 orc priests
  4 iguanas
  Terence (D:3)
  Ijyb (D:5)
  10 worker ants
  2 hound zombies
  A mummy (D:5)
  17 adders
  3 shadow imps
  3 adder zombies
  2 adder skeletons (D:4)
  4 worms
  5 dart slugs
  7 leopard geckos
  35 orcs
  3 ball pythons
  3 giant cockroaches
  7 goblins
  7 hobgoblins
  11 kobolds
  5 quokkas
  A ball python skeleton (Ossuary)
  9 bats
  6 frilled lizards
  2 hobgoblin skeletons (Ossuary)
  2 hobgoblin zombies (Ossuary)
  A jackal skeleton (D:4)
  A kobold zombie (Ossuary)
  An orc zombie (Ossuary)
  5 rats
  4 fungi
  5 plants
384 creatures vanquished.

Vanquished Creatures (collateral kills)
  A hydra (Lair:6)
  A catoblepas (Lair:6)
  A death yak (Lair:6)
  Sonja (Lair:6)
  A molten gargoyle (Lair:6)
  A black mamba (Lair:6)
  2 spiny frogs
  A hippogriff (Lair:6)
  10 blink frogs
  A fire elemental (Lair:6)
  A fire bat (Lair:6)
  A wolf (Lair:6)
  A crocodile (Lair:5)
  A howler monkey (D:6)
  A worker ant (D:6)
  A fungus (Lair:6)
26 creatures vanquished.

Vanquished Creatures (others)
  An ogre (D:6)
  6 fungi
  6 plants
13 creatures vanquished.

Grand Total: 423 creatures vanquished

Notes
Turn   | Place    | Note
-------+----------+-------------------------------------------
     0 | D:1      | grindst0ne the Deep Dwarf Artificer began the quest for the
                  | Orb.
     0 | D:1      | Reached XP level 1. HP: 16/16 MP: 3/3
    31 | D:1      | Reached skill level 1 in Fighting
   101 | D:1      | Reached XP level 2. HP: 23/25 MP: 5/5
   625 | D:1      | Reached XP level 3. HP: 14/32 MP: 6/6
  1216 | D:2      | Reached skill level 1 in Axes
  1479 | D:2      | Reached XP level 4. HP: 35/39 MP: 7/7
  1668 | D:3      | Reached skill level 2 in Axes
  1832 | D:3      | Found a hide-covered altar of Uskayaw.
  1832 | D:3      | Found a glowing silver altar of Zin.
  1941 | D:3      | Reached XP level 5. HP: 46/46 MP: 8/8
  1973 | D:3      | Noticed Terence
  2014 | D:3      | Killed Terence
  2060 | D:3      | Reached skill level 3 in Axes
  2203 | D:3      | Found a sparkling altar of Nemelex Xobeh.
  2273 | D:3      | Noticed Grinder
  2326 | D:3      | Killed Grinder
  2326 | D:3      | Reached skill level 4 in Axes
  2326 | D:3      | Reached XP level 6. HP: 28/56 MP: 8/8
  3091 | D:4      | Reached XP level 7. HP: 26/62 MP: 8/8
  3294 | D:4      | Reached skill level 5 in Axes
  3430 | D:4      | Reached skill level 5 in Dodging
  3581 | D:4      | Reached skill level 1 in Shields
  3639 | D:5      | Entered Level 5 of the Dungeon
  3658 | D:5      | Noticed Ijyb
  3660 | D:5      | Reached skill level 5 in Evocations
  3666 | D:5      | Killed Ijyb
  3792 | D:5      | Found a sand-covered staircase.
  3802 | Ossuary  | Entered an ossuary
  4108 | Ossuary  | Noticed a flying skull
  4108 | Ossuary  | Noticed a wraith
  4114 | Ossuary  | Noticed a flying skull
  4118 | Ossuary  | Noticed a flying skull
  4141 | Ossuary  | Reached skill level 6 in Axes
  4141 | Ossuary  | Reached XP level 8. HP: 40/72 MP: 9/9
  4148 | Ossuary  | Noticed a flying skull
  4160 | Ossuary  | Noticed a flying skull
  4262 | D:5      | Noticed Menkaure
  4271 | D:5      | Killed Menkaure
  4740 | D:5      | Noticed Blork the orc
  4750 | D:5      | Killed Blork the orc
  4870 | D:6      | Found a staircase to the Ecumenical Temple.
  4883 | Temple   | Entered the Ecumenical Temple
  4889 | Temple   | Became a worshipper of Makhleb the Destroyer
  5089 | D:6      | Reached skill level 7 in Axes
  5533 | D:6      | Noticed Prince Ribbit
  5686 | D:6      | Reached skill level 1 in Invocations
  5686 | D:6      | Gained mutation: You passively map the area around you.
                  | [Deep Dwarf growth]
  5686 | D:6      | Reached XP level 9. HP: 28/79 MP: 11/11
  6053 | D:7      | Reached skill level 5 in Shields
  6084 | D:7      | Noticed Harold
  6111 | D:7      | Killed Harold
  6111 | D:7      | Reached skill level 5 in Fighting
  6111 | D:7      | Reached skill level 8 in Axes
  6248 | D:7      | Noticed Pikel
  6259 | D:7      | Killed Pikel
  6266 | D:7      | Found an iron altar of Okawaru.
  6269 | D:7      | Reached * piety under Makhleb
  6297 | D:7      | Noticed Maggie
  6305 | D:7      | Killed Maggie
  6440 | D:7      | Found an ornate altar of the Wu Jian Council.
  6534 | D:7      | Found a basalt altar of Yredelemnul.
  6661 | D:8      | Noticed a troll
  6668 | D:8      | Killed a troll
  6668 | D:8      | Reached skill level 5 in Invocations
  6668 | D:8      | Reached XP level 10. HP: 47/88 MP: 13/13
  6936 | D:8      | Got a glimmering leather armour
  6947 | D:8      | Identified the +2 leather armour "Qiufel" {rPois Regen+
                  | Int+2} (You found it on level 8 of the Dungeon)
  7462 | D:9      | Reached skill level 1 in Armour
  7500 | D:9      | Noticed a two-headed ogre
  7548 | D:9      | Killed a two-headed ogre
  7548 | D:9      | Reached skill level 9 in Axes
  7785 | D:9      | You fall into a shaft and drop 1 floor!
  7785 | D:10     | Entered Level 10 of the Dungeon
  7833 | D:10     | Killed an unseen horror
  8012 | D:10     | Found a staircase to the Lair.
  8077 | D:10     | Reached ** piety under Makhleb
  8696 | D:10     | Reached XP level 11. HP: 65/97 MP: 13/13
  8843 | D:10     | Found an ancient bone altar of Kikubaaqudgha.
  9124 | D:11     | Reached skill level 10 in Axes
  9172 | Lair:1   | Entered Level 1 of the Lair of Beasts
  9269 | Lair:1   | Noticed a white ugly thing
  9270 | Lair:1   | Noticed Dimoyzi's ghost (novice BaIE)
  9318 | Lair:1   | Reached skill level 5 in Armour
  9502 | Lair:1   | Found a transporter.
  9519 | Lair:1   | Noticed a thrashing horror
  9524 | Lair:1   | Found a transporter.
  9526 | Lair:1   | Identified the cursed +1 spear "Bamuh" {distort, *Contam
                  | rElec rN+++}
  9526 | Lair:1   | Noticed a spriggan rider
  9529 | Lair:1   | Found a one-way gate to the infinite horrors of the Abyss.
  9595 | Lair:1   | Reached *** piety under Makhleb
 10010 | Lair:1   | Noticed Gastronok
 10039 | Lair:1   | Killed Gastronok
 10397 | Lair:2   | Found a staircase to the Shoals.
 10420 | Lair:2   | Learned a level 2 spell: Shroud of Golubria
 10423 | Lair:2   | Learned a level 2 spell: Song of Slaying
 10570 | Lair:2   | Reached XP level 12. HP: 69/106 MP: 15/15
 10723 | Lair:2   | Found a hole to the Spider Nest.
 10743 | Lair:2   | Reached skill level 1 in Charms
 10957 | Lair:2   | You fall into a shaft and drop 1 floor!
 11029 | Lair:3   | Reached skill level 11 in Axes
 11541 | Lair:3   | Noticed an eight-headed hydra
 11556 | Lair:3   | Killed an eight-headed hydra
 11556 | Lair:3   | Reached skill level 1 in Translocations
 11556 | Lair:3   | Reached skill level 10 in Invocations
 11649 | Lair:3   | Reached **** piety under Makhleb
 12179 | Lair:4   | Reached skill level 10 in Shields
 12594 | Lair:4   | Noticed a six-headed hydra
 12603 | Lair:4   | Killed a six-headed hydra
 12815 | Lair:4   | Noticed an eight-headed hydra
 13024 | Lair:4   | Killed an eight-headed hydra
 13270 | Lair:5   | Reached XP level 13. HP: 74/115 MP: 16/16
 13714 | Lair:5   | Reached skill level 12 in Axes
 13752 | Lair:5   | Found a staircase to the Slime Pits.
 13999 | Lair:6   | Entered Level 6 of the Lair of Beasts
 14131 | Lair:6   | Noticed Urug
 14154 | Lair:6   | Noticed Sonja
 14213 | Lair:6   | Killed Sonja
 14310 | Lair:6   | Killed Urug
 14677 | Lair:6   | Found a runed translucent door.
 14706 | Lair:6   | Paralysed by a hornet for 3 turns
 14708 | Lair:6   | Slain by a hornet

Illustrated notes

Levels and vault maps discovered:
D:1:      saegor_arrival_simple_d, layout_loops_corners
D:2:      layout_loops_cross, minmay_pentomino_v2
D:3:      minmay_angry_zag, layout_loops_cross, marbit_many_paths,
          gammafunk_temple_overflow_pools, first_ration, uniq_grinder,
          uniq_terence
D:4:      layout_basic, st_stairs_1
D:5:      kennysheep_spiral_hall, layout_loops_ring, gup_ossuary_entry_pyramid,
          uniq_menkaure, uniq_blork_the_orc, uniq_ijyb
D:6:      minmay_spotlight, layout_loops_ring,
          minmay_temple_entry_statues_fountains, uniq_prince_ribbit1
D:7:      layout_gridville, nicolae_overflow_crystal_walls,
          hangedman_feature_mirror, chequers_serial_rivers_micro_b, uniq_harold,
          uniq_pikel, uniq_maggie
D:8:      layout_loops_ring
D:9:      layout_cave_pods, serial_column_ruins, column_ruins_square_medium,
          column_ruins_grid_4, column_ruins_open_small,
          column_ruins_columns_corner, column_ruins_open_small,
          column_ruins_grid_1, column_ruins_open_tiny
D:10:     layout_roguey, dpeg_oklobed_lair, basic_altar, minivault_26
D:11:     layout_basic, grunt_pizzeria, kennysheep_generic_room_2
Temple:   eino_narrow_crystal_temple
Lair:1:   layout_regular_city, gammafunk_ghost_abyssal_escape,
          beast_lair_carwin_1, uniq_gastronok
Lair:2:   layout_regular_city, elwin_shoals_entry_rocks,
          nicolae_spider_entry_non_spiders, st_stairs_9, serial_bayou_shore_a
Lair:3:   layout_loops_ring, chequers_serial_rivers_large_a
Lair:4:   layout_regular_city, serial_bayou_shore_b
Lair:5:   layout_gridlike, slime_dummy
Lair:6:   wormcave, layout_gridlike, nicolae_volcano_entry_vermiform,
          infiniplex_staircase_pool_2, lemuel_fruit_tree, uniq_urug, uniq_sonja

Skill      XL: |  1  2  3  4  5  6  7  8  9 10 11 12 13 |
---------------+----------------------------------------+-----
Fighting       | 1 2 3 4 5 6 7 |  7.8
Dodging        | 3 4 5 6 7 |  7.0
Axes           | 1 2 4 6 7 8 9 10 11 12 | 12.3
Shields        | 2 4 6 7 9 10 11 | 11.1
Evocations     | 5 6 7 8 |  8.0
Invocations    | 1 5 7 9 11 | 11.9
Armour         | 4 6 8 9 |  9.1
Charms         | 4 |  4.5
Translocations | 3 |  3.9
Short Blades   | |  0.8
Stealth        | |  1.2

Action                   |  1- 3 |  4- 6 |  7- 9 | 10-12 | 13-15 || total
-------------------------+-------+-------+-------+-------+-------++-------
Melee: Short sword       |   103 |       |       |       |       ||   103
       War axe           |    60 |   204 |   238 |   710 |   157 ||  1369
       Whip              |       |       |       |    14 |     7 ||    21
Throw: Javelin           |       |    16 |    52 |     7 |       ||    75
       Boomerang         |       |     4 |    21 |    19 |     3 ||    47
       Dart              |       |       |    11 |    33 |       ||    44
       Throwing net      |       |       |       |     8 |       ||     8
 Cast: Shroud of Golubri |       |       |       |     2 |     1 ||     3
Invok: Minor Destruction |       |       |       |     5 |     1 ||     6
       Lesser Servant of |       |       |       |       |    16 ||    16
 Abil: Heal Wounds       |     2 |     4 |    11 |    17 |     4 ||    38
Evoke: Wand              |       |    19 |    22 |    21 |     2 ||    64
  Use: Scroll            |       |       |    12 |     8 |     3 ||    23
       Potion            |       |       |     5 |     4 |       ||     9
 Stab: Sleeping          |     4 |       |       |     5 |     1 ||    10
       Paralysed         |       |       |     6 |     4 |       ||    10
       Invisible         |       |       |       |    11 |       ||    11
       Held in net/web   |       |       |       |     2 |       ||     2
       Distracted        |       |       |       |       |     3 ||     3
  Eat: Chunk             |     2 |     6 |    11 |    24 |     3 ||    46
       Ration            |       |       |       |     1 |       ||     1
Armor: Leather armour    |    41 |       |       |   111 |    24 ||   176
       Ring mail         |    14 |       |       |       |       ||    14
       Chain mail        |       |   151 |    73 |     4 |       ||   228
       Skin              |       |       |       |    19 |       ||    19
Dodge: Dodged            |   130 |   110 |    64 |   305 |    80 ||   689
Block: Kite shield       |       |       |    91 |   344 |   104 ||   539
